Map: Post-Youth LE

Players

Lambo - Winner!

  • Race: Zerg Zerg
  • League: Grandmaster
  • Spawn Location: 1:00

Nicoract

  • Race: Terran Terran
  • League: Grandmaster
  • Spawn Location: 7:00

VOD

Have the link to the VOD?

Description

Time

  • Played on: June 27, 2024, 11:08 a.m.
  • Length: 10:41
Show
View Real Time Build Order
Export as new Build Order

Lambo Zerg - Winner!

Build Orders: Hatch First 

Get SALT Encoding   

  12  0:00  Drone  
  13  0:12  Overlord  
  13  0:17  Drone  
  14  0:30  Drone x2  
  16  0:49  Hatchery  
  15  0:52  Drone  
  15  0:55  Drone  
  17  0:59  Drone  
  18  1:10  Extractor  
  17  1:14  Spawning Pool  
  17  1:18  Drone  
  17  1:21  Drone  
  18  1:28  Drone  
  19  1:38  Drone  
  20  1:49  Drone  
  21  2:01  Queen x2  
  21  2:03  Zergling x4  
  27  2:12  Overlord  
  27  2:13  Metabolic Boost  
  27  2:15  Zergling x2  
  28  2:29  Overlord  
  28  2:32  Drone  
  28  2:35  Drone x2  
  31  2:39  Queen  
  31  2:40  Queen  
  31  2:43  Drone  
  35  2:45  Drone  
  36  2:53  Drone  
  37  3:02  Drone  
  38  3:09  Zergling x12  
  44  3:15  Overlord  
  42  3:39  Drone x6, Hatchery  
  46  3:42  Queen x2  
  48  3:49  Overlord  
  48  3:50  Drone x3  
  48  3:51  Drone  
  51  3:57  Extractor  
  51  3:59  Overlord  
  50  4:04  Overlord  
  50  4:07  Roach Warren  
  50  4:09  Overlord  
  49  4:10  Extractor  
  49  4:12  Drone x2  
  49  4:16  Drone  
  51  4:18  Drone  
  51  4:23  Drone x2  
  54  4:25  Drone  
  54  4:27  Drone  
  54  4:30  Drone x4  
  60  4:41  Drone  
  60  4:42  Lair  
  60  4:44  Queen  
  63  4:49  Drone  
  63  4:51  Drone x2  
  66  4:55  Overlord  
  66  4:56  Drone x4  
  72  5:00  Drone x2  
  72  5:06  Overlord, Drone x2  
  74  5:10  Extractor  
  74  5:11  Evolution Chamber  
  74  5:12  Evolution Chamber, Drone  
  72  5:18  Drone  
  72  5:19  Drone  
  73  5:24  Roach x3  
  73  5:25  Roach  
  80  5:29  Roach x3  
  80  5:30  Overlord, Spore Crawler  
  80  5:34  Extractor  
  80  5:35  Extractor  
  83  5:36  Roach x3  
  83  5:38  Overlord  
  83  5:41  Drone  
  90  5:47  Zerg Ground Armor Level 1, Zerg Missile Weapons Level 1  
  90  5:49  Overlord  
  90  5:51  Glial Reconstitution  
  90  5:52  Overlord  
  90  5:55  Drone x2  
  92  6:01  Drone x5  
  97  6:04  Drone x3  
  97  6:10  Infestation Pit, Roach  
  101  6:21  Drone  
  101  6:22  Drone  
  101  6:23  Roach x2  
  101  6:24  Baneling Nest  
  106  6:26  Hatchery  
  106  6:29  Drone  
  106  6:30  Drone  
  106  6:31  Drone  
  106  6:32  Roach x2  
  112  6:35  Roach x2  
  112  6:37  Overseer  
  116  6:43  Roach x3  
  120  6:48  Drone x2  
  122  6:54  Hive  
  122  6:55  Overlord x2  
  122  6:56  Overlord  
  122  7:00  Overlord  
  122  7:06  Overlord  
  118  7:10  Zergling x2  
  118  7:11  Zergling x6  
  118  7:12  Centrifugal Hooks  
  122  7:18  Drone x7  
  127  7:22  Zergling x4  
  125  7:36  Roach x3  
  131  7:45  Hatchery  
  131  7:46  Infestor  
  131  7:47  Infestor x2  
  131  7:48  Roach x3  
  131  7:50  Zerg Ground Armor Level 2  
  131  7:51  Zerg Melee Weapons Level 1  
  142  7:53  Drone x3  
  142  7:54  Drone  
  142  7:56  Extractor  
  142  7:57  Spore Crawler  
  142  7:58  Baneling x9  
  144  8:01  Drone x2  
  146  8:07  Zergling x4  
  146  8:11  Ultralisk Cavern, Viper  
  150  8:13  Zergling x16  
  150  8:15  Drone x2  
  150  8:18  Overlord  
  160  8:26  Overlord  
  160  8:28  Overlord  
  160  8:29  Overlord  
  160  8:33  Overlord  
  160  8:35  Spore Crawler  
  160  8:38  Zergling x14  
  166  8:41  Zergling x6  
  166  8:45  Zergling x2  
  166  8:46  Zergling x8  
  170  8:56  Viper  
  170  9:01  Pneumatized Carapace  
  170  9:02  Zergling x10  
  177  9:03  Chitinous Plating  
  177  9:04  Ultralisk  
  182  9:17  Ultralisk x2  
  182  9:22  Overseer  
  192  9:35  Zergling x16  
  192  9:37  Overlord  
  192  9:38  Extractor  
  188  9:48  Zergling x38  
  187  9:57  Drone x3  
  187  9:58  Drone x2  
  187  9:59  Drone  
  192  10:04  Ravager x3  
  192  10:05  Ravager x3  
  198  10:07  Baneling x10  
  198  10:09  Zergling x4, Hatchery  
  198  10:10  Baneling x2  
  197  10:20  Zergling x24  
Show
View Real Time Build Order
Export as new Build Order

Nicoract Terran 

Build Orders:  

Get SALT Encoding   

  12  0:00  SCV  
  13  0:12  SCV  
  14  0:17  Supply Depot  
  14  0:24  SCV  
  15  0:38  SCV  
  15  0:40  Barracks  
  16  0:44  Refinery  
  16  0:50  SCV  
  17  1:00  Barracks  
  17  1:04  SCV  
  18  1:16  SCV  
  19  1:27  Reaper  
  19  1:28  Supply Depot  
  19  1:32  Orbital Command  
  20  1:47  Reaper  
  21  1:58  SCV  
  22  2:04  Reaper  
  23  2:10  SCV  
  23  2:14  Command Center  
  24  2:22  Reaper  
  25  2:23  SCV  
  25  2:27  Refinery  
  26  2:35  SCV  
  27  2:41  Barracks Reactor  
  27  2:47  SCV  
  28  2:54  Command Center  
  28  3:00  SCV  
  28  3:04  Barracks Tech Lab  
  29  3:12  SCV  
  30  3:13  Factory  
  30  3:18  Marine  
  31  3:25  Marine x2  
  33  3:29  Orbital Command  
  32  3:36  Marine  
  32  3:50  SCV  
  32  3:51  Stimpack, Marine x2  
  32  3:55  SCV  
  34  3:57  Starport  
  34  3:58  Factory Reactor  
  34  3:59  Marine  
  34  4:02  SCV  
  36  4:06  Orbital Command  
  36  4:07  SCV  
  36  4:09  Marine x2  
  38  4:15  SCV  
  40  4:19  SCV  
  40  4:20  Marine  
  42  4:26  Supply Depot  
  42  4:27  Marine x2  
  42  4:30  SCV  
  45  4:31  SCV  
  45  4:33  SCV  
  45  4:37  Marine  
  48  4:41  Medivac x2  
  48  4:45  SCV, Marine x2  
  55  4:46  Factory Reactor, Barracks  
  55  4:48  SCV  
  55  4:49  SCV  
  57  4:57  SCV  
  58  5:00  SCV  
  58  5:01  Supply Depot x2, SCV  
  58  5:02  Marine  
  58  5:03  Marine x2  
  63  5:09  Orbital Command  
  63  5:11  Engineering Bay x2  
  63  5:17  Refinery  
  63  5:18  SCV x2, Refinery  
  65  5:22  Marine x3  
  68  5:32  SCV x2  
  68  5:33  Factory Tech Lab  
  70  5:39  SCV  
  71  5:43  Marine x4  
  71  5:44  SCV x2  
  71  5:47  Medivac x2  
  71  5:48  Terran Infantry Weapons Level 1  
  71  5:49  Marine  
  79  5:57  Terran Infantry Armor Level 1  
  79  6:00  Marine  
  79  6:01  Marine  
  79  6:04  Supply Depot, SCV x3, Barracks  
  82  6:05  Barracks  
  82  6:08  Marine  
  85  6:19  Supply Depot  
  85  6:25  Siege Tank, Combat Shield, Marine x2  
  90  6:27  SCV x3  
  90  6:28  Marine x3  
  96  6:39  SCV x3  
  99  6:45  Marine x2  
  99  6:46  Marine  
  101  6:50  Marine x2  
  101  6:51  SCV x3, Refinery  
  106  6:55  Supply Depot x2, Barracks Reactor  
  106  6:58  Barracks Reactor  
  106  7:02  Armory  
  106  7:08  SCV x3  
  107  7:16  Marine x3  
  107  7:17  Siege Tank, Marine x2  
  108  7:23  Supply Depot x2, SCV  
  108  7:24  Supply Depot, SCV  
  107  7:33  SCV  
  107  7:34  Refinery, Marine x3  
  107  7:35  Marine x5  
  107  7:36  SCV x2, Marine  
  119  7:48  Factory  
  119  7:49  SCV x3  
  122  7:56  Terran Infantry Weapons Level 2, Terran Infantry Armor Level 2  
  122  7:58  Terran Vehicle Weapons Level 1  
  122  8:03  Command Center  
  122  8:08  Medivac x2  
  122  8:09  Siege Tank  
  129  8:15  Marauder, Marine x7  
  129  8:16  Marine  
  139  8:20  Supply Depot  
  139  8:21  Supply Depot  
  139  8:29  SCV x3  
  142  8:34  Barracks x2  
  142  8:36  Ghost Academy, Barracks  
  142  8:38  Factory Tech Lab  
  142  8:40  Marauder, Marine x4  
  145  8:47  Marine x4  
  144  8:49  Siege Tank  
  147  8:58  Siege Tank, Medivac x2, Marine  
  147  9:02  Concussive Shells  
  154  9:10  Marauder, Marine x7  
  163  9:19  Supply Depot  
  163  9:20  Supply Depot x2  
  161  9:24  SCV x3  
  161  9:28  Siege Tank  
  161  9:31  Refinery  
  167  9:32  Sensor Tower, Missile Turret  
  167  9:33  Missile Turret  
  167  9:38  Barracks Tech Lab x3, Marauder  
  169  9:42  Siege Tank  
  148  9:56  Planetary Fortress  
  148  10:00  Siege Tank  
  151  10:09  Sensor Tower  
  151  10:10  Barracks Tech Lab  
  151  10:13  Barracks Reactor  
  151  10:15  Command Center  
  151  10:19  Barracks Reactor  
  151  10:20  Marine x3  
  151  10:21  Marine  
Tags
 
Add a new tag
Caveats
  • Supply blocks, unpowered buildings, or Contaminate may cause inaccurate times.
  • Supply counts are checked every 10 seconds.